 Dungeon Crawl Stone Soup version 0.31-a0-210-gccc998df9b (webtiles) character file.

Game seed: 8696249818702156372

107 NogeeEf the Digger (level 4, -1/24 HPs)
             Began as a Gargoyle Earth Elementalist on June 30, 2023.
             Was a High Priest of Ignis.
             Slain by a river rat (3 damage)
             ... in a sewer.
             The game lasted 00:09:40 (2139 turns).

NogeeEf the Digger (Gargoyle Earth Elementalist)    Turns: 2139, Time: 00:09:42

Health: -1/24      AC:  5    Str: 11    XL:     4   Next: 85%
Magic:  3/7        EV: 12    Int: 14    God:    Ignis [*****.]
Gold:   126        SH:  0    Dex: 14    Spells: 5/8 levels left

rFire   + . .        p - +3 dagger (venom)
rCold   + + .        (no shield)
rNeg    + . .        s - +0 robe "Jysomn" {rC++ Int-2 Dex+2}
rPois   ∞            (no helmet)
rElec   +            e - scarf {repulsion}
rCorr   .            (no gloves)
SInv    .            (no boots)
Will    .....        c - amulet of faith
Stlth   ++           (no ring)
HPRegen 0.24/turn    (no ring)
MPRegen 0.10/turn

%: repel missiles, faith
@: no status effects
A: sickness immunity, AC +3, negative energy resistance 1, electricity
resistance, torment resistance 1, petrification resistance
a: Renounce Religion, Fiery Armour, Foxfire Swarm, Rising Flame


You were in a sewer.
You worshipped Ignis.
Ignis was extremely pleased with you.
You visited 1 branch of the dungeon, and saw 4 of its levels.
You also visited: Sewer.

You collected 126 gold pieces.

Inventory:

Hand Weapons
 h - a +2 short sword of draining
 p - a +3 dagger of venom (weapon)
Missiles
 k - 10 stones
Armour
 a - a +0 robe
 e - a scarf of repulsion (worn)
 m - a scarf of shadows
 s - the +0 robe "Jysomn" (worn) {rC++ Int-2 Dex+2}
   (You found it on level 2 of the Dungeon)

   Int:       It affects your intelligence (-2).
   Dex:       It affects your dexterity (+2).
   rC:        It greatly protects you from cold.
Jewellery
 c - an amulet of faith (around neck)
Scrolls
 l - a scroll of torment {unknown}
 q - a scroll of revelation
 t - a scroll of poison {unknown}
Potions
 b - a potion of magic
 d - a potion of degeneration {unknown}
 f - a potion of ambrosia {unknown}
 g - a potion of enlightenment {unknown}
 i - a potion of invisibility {unknown}
 j - a potion of resistance {unknown}
 n - a potion of mutation {unknown}
 o - a potion of curing {unknown}


   Skills:
 + Level 1.3 Short Blades
 + Level 2.0 Dodging
 + Level 3.1 Stealth
 + Level 2.5 Spellcasting
 + Level 1.5 Transmutations
 + Level 4.2 Earth Magic


You had 5 spell levels left.
You knew the following spells:

 Your Spells              Type           Power      Damage    Failure   Level
a - Sandblast             Erth           26%        2d8       3%          1
b - Passwall              Tmut/Erth      7%         N/A       11%         2

Your spell library contained the following spells:

 Spells                   Type           Power      Damage    Failure   Level
 Shock                    Conj/Air       4%         1d3       22%         1
 Stone Arrow              Conj/Erth      14%        3d7       28%         3
 Dazzling Flash           Conj/Hex       2%         N/A       56%         3
 Swiftness                Air            1%         N/A       56%         3
 Volatile Blastmotes      Fire/Tloc      2%         2d10      56%         3
 Petrify                  Tmut/Erth      9%         N/A       56%         4
 Airstrike                Air            0%         2d(1-17)  92%         4
 Iskenderun's Mystic Bla  Conj/Tloc      1%         2d3       92%         4
 Blade Hands              Tmut           3%         N/A       97%         5
 Irradiate                Conj/Tmut      1%         3d12      99%         5
 Starburst                Conj/Fire      0%         6d3       100%        6
 Dragon Form              Tmut           3%         N/A       100%        7


Dungeon Overview and Level Annotations

Branches:
Dungeon (4/15)              Sewer (1/1)
 Temple: D:4-7

Altars:
Vehumet
Ignis


Innate Abilities, Weirdness & Mutations

You are immune to sickness and miasma.
Your stone body is resilient. (AC +3)
You are immune to poison.
You resist negative energy. (rN+)
You are resistant to electric shocks. (rElec)
You are resistant to unholy torment.
You are immune to petrification.


Message History

The river rat bites you.
The blast of sand hits the river rat but does no damage.
The river rat is heavily wounded.
The river rat misses you.
The blast of sand hits the river rat.
The river rat is almost dead.
The river rat bites you but does no damage.
The river rat barely misses you. The river rat closely misses you. x2
The river rat bites you! The river rat closely misses you.
You hit the river rat.
The river rat is poisoned.
The river rat is heavily wounded.
You kill the river rat!
The river rat bites you.
* * * LOW HITPOINT WARNING * * *
The river rat closely misses you.
You closely miss the river rat.
The river rat is heavily wounded.
The river rat bites you.
* * * LOW HITPOINT WARNING * * *
The river rat bites you.
* * * LOW HITPOINT WARNING * * *
You are too injured to fight recklessly!
Casting: Sandblast (safe; 3% risk of failure)
Confirm with . or Enter, or press ? or * to list all spells.
Aiming: Sandblast (safe; 3% risk of failure)
Press: ? - help, Shift-Dir - straight line, f - river rat
Aim: a river rat (heavily wounded, 80% to hit)
The blast of sand hits the river rat.
The river rat is severely wounded.
The river rat bites you but does no damage.
The river rat closely misses you.
Casting: Sandblast (safe; 3% risk of failure)
Confirm with . or Enter, or press ? or * to list all spells.
Aiming: Sandblast (safe; 3% risk of failure)
Press: ? - help, Shift-Dir - straight line, f/p - river rat
Aim: a river rat (severely wounded, 80% to hit)
The blast of sand hits the river rat.
You kill the river rat!
The river rat bites you.
You die...

≈≈~≈.# ~~≈~# #~≈~# #~≈.# #~≈.#
++#####++#####~≈~#
............~~~~~# #
.......@†..~.~~~.# #
++#####†r#####~≈†# # #....# #~≈.#
# ###### #~≈~#
#######################~≈~#######
~~~.†~~.~.~~~~~~~~....~~≈~≈≈≈≈≈≈≈
≈≈≈≈≈≈≈≈≈≈≈≈≈≈≈≈≈≈≈≈≈≈≈≈≈.≈≈≈≈≈≈≈
~~~.†..~~~~~~~~~~.~.~~.~†~≈≈≈≈≈≈≈
#################################


You could see a river rat (very poisoned).

Vanquished Creatures
  2 adders
  A gnoll (D:1)
  2 river rats (Sewer)
  7 worms
  4 bats
  2 endoplasms (D:1)
  8 giant cockroaches
  2 goblins (D:1)
  3 hobgoblins
  6 quokkas
  8 ball pythons
  2 frilled lizards
  3 kobolds
  5 rats
55 creatures vanquished.

Notes
Turn   | Place    | Note
-------+----------+-------------------------------------------
     0 | D:1      | NogeeEf the Gargoyle Earth Elementalist began the quest for
                  | the Orb.
     0 | D:1      | Reached XP level 1. HP: 10/10 MP: 3/3
   304 | D:1      | Reached skill level 1 in Transmutations
   304 | D:1      | Reached XP level 2. HP: 14/15 MP: 3/5
   637 | D:1      | Reached XP level 3. HP: 19/19 MP: 4/6
   684 | D:1      | Found a faded altar of an unknown god.
   691 | D:1      | Prayed at the altar of an unknown god.
   691 | D:1      | Became a worshipper of Ignis, the Dying Flame
  1040 | D:1      | Reached skill level 4 in Earth Magic
  1105 | D:2      | Learned a level 2 spell: Passwall
  1355 | D:2      | Reached XP level 4. HP: 24/24 MP: 5/7
  1377 | D:2      | Identified the +0 robe "Jysomn" {rC++ Int-2 Dex+2}
  1570 | D:3      | Reached skill level 1 in Short Blades
  1714 | D:4      | Found a radiant altar of Vehumet.
  2001 | D:3      | Found a glowing drain.
  2013 | Sewer    | Entered a sewer
  2137 | Sewer    | HP: 1/24 [river rat (1)]
  2139 | Sewer    | Slain by a river rat

Illustrated notes

Levels and vault maps discovered:
D:1:      matt_arrival_grand_opening, layout_loops_ring, serial_rivers,
          chequers_serial_rivers_micro_e, chequers_serial_rivers_small_3,
          chequers_serial_rivers_micro_b, chequers_serial_rivers_micro_b,
          chequers_serial_rivers_room_a, shapermc_ecumenical_altar_totnotflames
D:2:      layout_rooms, minmay_misc_feat_rows
D:3:      layout_rooms, gup_sewer_entry_bowl, columned_hall_lemuel,
          grunt_ministairs_6, nicolae_wormholes, uniq_terence
D:4:      layout_rooms, elyvilon_altar_4, vehumet_crystals,
          hangedman_abyss_or_decor_jellyfish_corner, minmay_liquid_box,
          minmay_stone_trees_small, uniq_blork_the_orc
Sewer:    sewer_fruit_machine

Skill      XL: |  1  2  3  4 |
---------------+-------------+-----
Transmutations | 1 |  1.5
Earth Magic    | 4 |  4.2
Dodging        | 2 |  2.0
Short Blades   | 1 |  1.3
Stealth        | 3 |  3.1
Spellcasting   | |  2.5

Action                     |  1- 3 |  4- 6 || total
---------------------------+-------+-------++-------
  Melee: Dagger            |    33 |    39 ||    72
         Unarmed           |     1 |       ||     1
         Punch             |     1 |       ||     1
   Cast: Sandblast         |    23 |    27 ||    50
    Use: Scroll            |       |     2 ||     2
   Stab: Sleeping          |     6 |     3 ||     9
 Armour: Robe              |     6 |    15 ||    21
  Dodge: Dodged            |    22 |    32 ||    54

Table legend: (Time is in decaauts)
 A = Elapsed time spent in this place.
 B = Non-inter-level travel time spent in this place.
 C = Inter-level travel time spent in this place.
 D = Time resting spent in this place.
 E = Time spent auto-exploring this place.
 F = Levels seen in this place.
 G = Mean time per level.
                   A        B        C        D        E       F      G
               +--------+--------+--------+--------+--------+-----+--------+
         Total |   2193 |   2129 |     64 |    232 |   1270 |   5 |  438.6 |
       Dungeon |   2035 |   1971 |     64 |    211 |   1270 |   4 |  508.8 |
         Sewer |    158 |    158 |      0 |     21 |      0 |   1 |  158.0 |
               +--------+--------+--------+--------+--------+-----+--------+

Top non-repeatable levels by time:
     D:1: 1083 daAuts
     D:2: 493 daAuts
     D:3: 413 daAuts
   Sewer: 158 daAuts
     D:4: 44 daAuts
